 Dungeon Crawl Stone Soup version 0.29.1-15-g9cfb28693d (webtiles) character file.

Game seed: 9813496855204723188

503 Heoruswealwe the Magician (level 6, -1/32 HPs)
             Began as a Deep Elf Earth Elementalist on Apr 20, 2023.
             Slain by a gnoll
             ... wielding a +0 club
             ... led by a gnoll bouda
              (7 damage)
             ... on level 4 of the Dungeon.
             The game lasted 00:20:45 (2492 turns).

Heoruswealwe the Magician (DEEE)                    Turns: 2492, Time: 00:20:45

Health: -1/32      AC:  2    Str:  5    XL:     6   Next: 96%
Magic:  23/27      EV: 12    Int: 22    God:
Gold:   162        SH:  0    Dex: 15    Spells: 9/19 levels left

rFire   . . .      SeeInvis .   b - +2 glaive (venom)
rCold   + . .      Faith    .   (shield currently unavailable)
rNeg    . . .      Spirit   .   c - +0 robe
rPois   .          Reflect  .   (no helmet)
rElec   .          Harm     .   (no cloak)
rCorr   .          Rampage  .   (no gloves)
Will    .....                   (no boots)
Stlth   ++........              i - amulet of regeneration
HPRegen 0.90/turn               k - ring of magical power
MPRegen 0.20/turn               j - ring of protection from cold

@: no status effects
A: no striking features
a: no special abilities


You were on level 4 of the Dungeon.
You visited 1 branch of the dungeon, and saw 4 of its levels.

You collected 162 gold pieces.

Inventory:

Hand Weapons
 b - a +2 glaive of venom (weapon)
Armour
 c - a +0 robe (worn)
 e - a +0 robe
 h - a +0 robe
Jewellery
 i - an amulet of regeneration (around neck)
 j - a ring of protection from cold (right hand)
 k - a ring of magical power (left hand)
Wands
 m - a wand of iceblast (15)
 r - a wand of polymorph (5)
Scrolls
 f - a scroll of enchant armour
 n - a scroll of fear
 o - a scroll of teleportation {unknown}
 q - a scroll of amnesia {unknown}
Potions
 a - a potion of experience {unknown}
 d - 2 potions of magic
 g - 4 potions of curing {unknown}
 l - a potion of heal wounds {unknown}
 s - a potion of attraction {unknown}
 t - a potion of lignification {unknown}


   Skills:
 - Level 2.4 Dodging
 - Level 2.4 Stealth
 + Level 7.4 Spellcasting
 - Level 1.1 Transmutations
 + Level 6.5 Earth Magic


You had 9 spell levels left.
You knew the following spells:

 Your Spells              Type           Power      Damage    Failure   Level
a - Sandblast             Erth           74%        2d16      1%          1
b - Stone Arrow           Conj/Erth      44%        3d9       6%          3
c - Petrify               Tmut/Erth      25%        N/A       16%         4
z - Passwall              Tmut/Erth      20%        N/A       2%          2

Your spell library contained the following spells:

 Spells                   Type           Power      Damage    Failure   Level
 Apportation              Tloc           16%        N/A       8%          1
 Necrotise                Necr           32%        1d5       8%          1
 Shock                    Conj/Air       32%        1d5       8%          1
 Summon Small Mammal      Summ           32%        N/A       8%          1
 Swiftness                Air            8%         N/A       24%         3
 Airstrike                Air            4%         2d(1-17)  61%         4


Dungeon Overview and Level Annotations

Branches:
Dungeon (4/15)
 Temple: D:4-7

Altars:
Dithmenos


Message History

Found a stone staircase leading down.
The blast of sand hits the quokka!
You kill the quokka!
An orc comes into view. It is wielding a +0 flail.
A gnoll comes into view. It is wielding a +0 whip.
The gnoll shouts!
The orc shouts!
You hear a shout!
The gnoll moves out of view.
The blast of sand hits the orc!!
You kill the orc!
A gnoll comes into view. It is wielding a +0 flail.
Things that are here:
a +0 flail; a scroll of identify The blast of sand hits the gnoll.
The gnoll is lightly wounded.
The gnoll barely misses you.
A gnoll comes into view. It is wielding a +0 club.
The gnoll hits you with a +0 whip.
The blast of sand hits the gnoll!
You kill the gnoll!
The gnoll shouts!
You hear a shout!
A gnoll comes into view. It is wielding a +0 club.
The blast of sand hits the gnoll!
The gnoll is heavily wounded.
The gnoll shouts!
A scorpion comes into view.
The blast of sand hits the gnoll!
You kill the gnoll!
A gnoll bouda comes into view. It is wielding a +0 whip.
The blast of sand hits the gnoll.
The gnoll is lightly wounded.
The gnoll bouda barks out a call to the hunt!
The gnolls pick up the pace!
The blast of sand misses the gnoll.
The gnoll hits you with a +0 club. x2
The gnoll closely misses you. The gnoll attacks as you move away!
The gnoll misses you. The gnoll hits you with a +0 club. x2
The gnoll attacks as you move away! The gnoll hits you with a +0 club.
* * * LOW HITPOINT WARNING * * *
The gnoll attacks as you move away! The gnoll hits you with a +0 club!
You die...

#...# #........ ###...#
#........ ####.....#
#........ #....#...#
##......).
##.##.#...####.........
..###..##.#...#............
.......†.#.......###........
.....###......#####..<......
..... ###g@..###...##......
.... ##.g#........#..#####
.>..####s.##.....#....######
.......).###...###.#)..†....
..##...g## ........#########
#.#... .....## . .. #....
...## . ... ...... ...# . ##
...##.##


You could see a gnoll bouda, a scorpion and 2 gnolls.

Vanquished Creatures
  Grinder (D:3)
  A hound (D:4)
  Ijyb (D:3)
  An iguana (D:3)
  Natasha (thrice) (D:2)
  7 adders
  2 gnolls (D:4)
  A worm (D:3)
  2 dart slugs
  3 orcs
  9 endoplasms
  3 giant cockroaches
  3 goblins
  6 hobgoblins
  4 quokkas
  3 ball pythons
  8 bats
  2 frilled lizards
  3 kobolds
  23 rats
86 creatures vanquished.

Vanquished Creatures (others)
  4 plants (D:1)
  7 withered plants (D:2)
11 creatures vanquished.

Grand Total: 97 creatures vanquished

Notes
Turn   | Place    | Note
-------+----------+-------------------------------------------
     0 | D:1      | Heoruswealwe the Deep Elf Earth Elementalist began the
                  | quest for the Orb.
     0 | D:1      | Reached XP level 1. HP: 10/10 MP: 6/6
   291 | D:1      | Reached XP level 2. HP: 15/15 MP: 5/8
   296 | D:1      | Learned a level 2 spell: Passwall
   834 | D:2      | Reached skill level 4 in Spellcasting
   834 | D:2      | Reached XP level 3. HP: 19/19 MP: 2/10
   838 | D:2      | Learned a level 3 spell: Stone Arrow
   885 | D:2      | Noticed Natasha
   889 | D:2      | Killed Natasha
  1072 | D:2      | Reached XP level 4. HP: 24/24 MP: 12/12
  1117 | D:2      | Learned a level 4 spell: Petrify
  1268 | D:2      | Reached skill level 5 in Spellcasting
  1296 | D:2      | Noticed Natasha
  1301 | D:2      | Killed Natasha
  1397 | D:2      | Found a faded altar of an unknown god.
  1411 | D:2      | Reached skill level 5 in Earth Magic
  1411 | D:2      | Reached XP level 5. HP: 28/28 MP: 14/14
  1470 | D:2      | Prayed at the altar of an unknown god.
  1470 | D:2      | Became a worshipper of Dithmenos the Shadowed
  1470 | D:2      | Reached * piety under Dithmenos
  1518 | D:2      | Fell from the grace of Dithmenos
  1624 | D:2      | Noticed Natasha
  1628 | D:2      | Killed Natasha
  1695 | D:2      | Noticed a shadow
  1695 | D:2      | Noticed a shadow
  1695 | D:2      | Noticed a shadow
  1961 | D:3      | Noticed Ijyb
  1975 | D:3      | Killed Ijyb
  1976 | D:3      | Reached skill level 6 in Spellcasting
  2025 | D:3      | Noticed Grinder
  2030 | D:3      | Killed Grinder
  2031 | D:3      | Reached skill level 7 in Spellcasting
  2031 | D:3      | Reached XP level 6. HP: 27/32 MP: 18/18
  2492 | D:4      | Slain by a gnoll

Illustrated notes

Levels and vault maps discovered:
D:1:      evilmike_arrival_plus, layout_basic, minivault_24
D:2:      layout_basic, ebering_ecumenical_altar_petrified, uniq_natasha
D:3:      layout_basic, chequers_serial_rivers_room_b, minmay_rat_hole,
          uniq_ijyb, uniq_grinder
D:4:      layout_rooms, nicolae_qazlal_general_emergency,
          minmay_temple_entry_offerings, nicolae_shop_i_like_big_books,
          uniq_robin

Skill      XL: |  1  2  3  4  5 |
---------------+----------------+-----
Spellcasting   | 4 5 7 |  7.4
Earth Magic    | 4 5 6 |  6.5
Dodging        | |  2.4
Stealth        | |  2.4
Transmutations | |  1.1

Action                   |  1- 3 |  4- 6 || total
-------------------------+-------+-------++-------
Melee: Unarmed           |    18 |       ||    18
       Punch             |     1 |       ||     1
       Glaive            |     9 |    21 ||    30
 Cast: Sandblast         |    32 |    93 ||   125
Invok: Renounce Religion |       |     1 ||     1
  Use: Scroll            |     3 |     1 ||     4
Armor: Robe              |     7 |       ||     7
       Skin              |       |     5 ||     5
Dodge: Dodged            |    15 |    13 ||    28
